[ AOE2 MATCH · #505120224 ]
UnrankedTurks vs Japanese
Player's team · LOSS
Rival team · WIN
[ REPLAY ANALYSIS · EXTRACTED FROM THE RECORDED GAME ]
Feudal
11:46
Castle
20:45
Imperial
28:28
| APM avg | 41.0 |
| APM peak | 80 |
| eAPM avg | 24.0 |
| Villagers / military | 121 / 40 |
Focus
⚔️ 28.0% · 🌾 72.0%
Hand Cannoneer ×19 · Janissary ×12 · Mangonel ×4 · Monk ×2 · Bombard Cannon ×2 · Trebuchet (Packed) ×1
Feudal
8:26
Castle
21:09
Imperial
40:47
| APM avg | 39.7 |
| APM peak | 80 |
| eAPM avg | 26.3 |
| Villagers / military | 134 / 84 |
Focus
⚔️ 40.5% · 🌾 59.5%
Samurai ×57 · Battering Ram ×14 · Cavalry Archer ×11 · Monk ×1 · Mangonel ×1
Match map
Initial resources + every placement click. Lines = walls · curves = elevation contours. ◆ gold · ⬟ stone · ● berries · ✦ relic · ◌ wall gap
Your base· ✓ Closed at 20:45 · 28t walls · 2 gate(s)
AOKI_Gryphon's base· ✓ Closed at 21:09 · 12t walls · 2 gate(s)
Smoothed initial terrain · ◌ = detected wall gap · hover for details
Inputs per minute
— scoop - - AOKI_Gryphon
Build order — scoop
First 150 of 290 actions detected
| 0:00 | Queue | Villager (Male) |
| 0:01 | Queue | Villager (Male) |
| 0:02 | Build | House |
| 0:02 | Build | House |
| 0:05 | Queue | Villager (Male) |
| 0:05 | Queue | Villager (Male) |
| 1:18 | Queue | Villager (Male) |
| 1:50 | Queue | Villager (Male) |
| 2:10 | Build | Lumber Camp |
| 2:24 | Queue | Villager (Male) |
| 2:24 | Queue | Villager (Male) |
| 2:43 | Queue | Villager (Male) |
| 3:22 | Queue | Villager (Male) |
| 3:38 | Queue | Villager (Male) |
| 3:40 | Queue | Villager (Male) |
| 3:49 | Build | House |
| 4:06 | Queue | Villager (Male) |
| 4:08 | Build | House |
| 4:18 | Build | House |
| 4:37 | Queue | Villager (Male) |
| 4:38 | Queue | Villager (Male) |
| 4:50 | Queue | Villager (Male) |
| 5:30 | Build | Mill |
| 5:39 | Queue | Villager (Male) |
| 5:52 | Queue | Villager (Male) |
| 6:07 | Queue | Villager (Male) |
| 6:17 | Queue | Villager (Male) |
| 6:37 | Queue | Villager (Male) |
| 6:47 | Build | Farm |
| 7:04 | Queue | Villager (Male) |
| 7:17 | Queue | Villager (Male) |
| 7:36 | Build | Farm |
| 7:38 | Queue | Villager (Male) |
| 7:57 | Queue | Villager (Male) |
| 8:37 | Build | Mining Camp |
| 8:39 | Research | Loom |
| 8:54 | Queue | Villager (Male) |
| 8:58 | Build | Palisade Wall |
| 9:03 | Build | Palisade Wall |
| 9:07 | Research | Feudal Age |
| 9:33 | Queue | Villager (Male) |
| 9:40 | Build | Palisade Wall |
| 10:12 | Build | House |
| 10:23 | Build | Mining Camp |
| 10:26 | Queue | Villager (Male) |
| 11:13 | Build | House |
| 11:46 | Age | Feudal Age |
| 11:49 | Build | Blacksmith |
| 11:57 | Build | Watch Tower |
| 12:05 | Research | Double-Bit Axe |
| 12:13 | Queue | Villager (Male) |
| 12:23 | Build | Stone Wall |
| 12:34 | Build | Watch Tower |
| 12:38 | Research | Fletching |
| 12:49 | Queue | Villager (Male) |
| 12:53 | Queue | Villager (Male) |
| 12:57 | Build | Stone Wall |
| 13:01 | Queue | Villager (Male) |
| 13:24 | Queue | Villager (Male) |
| 13:26 | Queue | Villager (Male) |
| 13:28 | Queue | Villager (Male) |
| 13:32 | Research | Horse Collar |
| 13:47 | Queue | Villager (Male) |
| 13:59 | Build | Farm |
| 14:01 | Queue | Villager (Male) |
| 14:03 | Queue | Villager (Male) |
| 14:19 | Queue | Villager (Male) |
| 14:24 | Build | Stone Wall |
| 14:25 | Queue | Villager (Male) |
| 14:28 | Queue | Villager (Male) |
| 14:34 | Build | Lumber Camp |
| 15:21 | Queue | Villager (Male) |
| 15:33 | Build | Farm |
| 15:33 | Build | Farm |
| 15:34 | Build | Farm |
| 15:34 | Build | Farm |
| 15:34 | Build | Farm |
| 15:35 | Queue | Villager (Male) |
| 15:58 | Build | Farm |
| 16:04 | Queue | Villager (Male) |
| 16:27 | Build | Farm |
| 16:33 | Build | Farm |
| 16:33 | Build | Farm |
| 16:34 | Build | Farm |
| 16:34 | Build | Farm |
| 16:41 | Build | Market |
| 16:43 | Queue | Villager (Male) |
| 16:50 | Queue | Villager (Male) |
| 16:57 | Build | Farm |
| 17:13 | Build | Stone Wall |
| 17:17 | Queue | Villager (Male) |
| 17:33 | Build | Watch Tower |
| 17:37 | Queue | Villager (Male) |
| 18:01 | Build | Farm |
| 18:05 | Research | Castle Age |
| 18:09 | Build | House |
| 18:16 | Build | House |
| 18:24 | Queue | Villager (Male) |
| 18:31 | Build | House |
| 18:53 | Build | Palisade Wall |
| 19:06 | Build | Palisade Wall |
| 20:45 | Age | Castle Age |
| 20:46 | Queue | Villager (Male) |
| 20:58 | Build | Siege Workshop |
| 21:00 | Queue | Villager (Male) |
| 21:15 | Queue | Villager (Male) |
| 21:37 | Build | Castle |
| 21:40 | Queue | Villager (Male) |
| 21:57 | Queue | Mangonel |
| 22:00 | Build | Mining Camp |
| 22:04 | Queue | Villager (Male) |
| 22:07 | Queue | Villager (Male) |
| 22:21 | Queue | Villager (Male) |
| 22:42 | Queue | Janissary |
| 23:02 | Queue | Villager (Male) |
| 23:03 | Queue | Mangonel |
| 23:06 | Queue | Villager (Male) |
| 23:08 | Queue | Janissary |
| 23:11 | Queue | Villager (Male) |
| 23:20 | Build | Farm |
| 23:25 | Build | Mill |
| 23:25 | Build | Farm |
| 23:26 | Build | Farm |
| 23:26 | Build | Farm |
| 23:26 | Build | Farm |
| 23:26 | Build | Farm |
| 23:27 | Build | Farm |
| 23:33 | Queue | Janissary |
| 23:36 | Build | Outpost |
| 23:43 | Queue | Villager (Male) |
| 23:47 | Queue | Villager (Male) |
| 24:00 | Queue | Villager (Male) |
| 25:18 | Research | Imperial Age |
| 25:28 | Queue | Villager (Male) |
| 25:39 | Build | House |
| 25:40 | Build | House |
| 25:47 | Queue | Villager (Male) |
| 25:56 | Queue | Villager (Male) |
| 26:24 | Build | Siege Workshop |
| 26:27 | Queue | Villager (Male) |
| 26:30 | Queue | Villager (Male) |
| 26:33 | Build | Farm |
| 26:33 | Build | Farm |
| 26:33 | Build | Farm |
| 26:34 | Queue | Villager (Male) |
| 26:42 | Queue | Janissary |
| 26:42 | Queue | Janissary |
| 26:44 | Queue | Villager (Male) |
| 26:50 | Queue | Villager (Male) |
| 27:42 | Build | Mining Camp |
Build order — AOKI_Gryphon
First 150 of 379 actions detected
| 0:01 | Queue | Villager (Male) ×4 |
| 0:02 | Build | House |
| 0:04 | Build | House |
| 1:29 | Queue | Villager (Male) |
| 1:44 | Build | Lumber Camp |
| 1:50 | Queue | Villager (Male) |
| 1:50 | Queue | Villager (Male) |
| 2:20 | Queue | Villager (Male) |
| 2:20 | Queue | Villager (Male) |
| 2:42 | Queue | Villager (Male) |
| 2:55 | Queue | Villager (Male) |
| 3:25 | Build | House |
| 3:26 | Build | House |
| 3:30 | Queue | Villager (Male) |
| 3:30 | Queue | Villager (Male) |
| 3:30 | Queue | Villager (Male) |
| 3:45 | Queue | Villager (Male) |
| 3:58 | Build | Mill |
| 4:44 | Queue | Villager (Male) |
| 4:53 | Queue | Villager (Male) |
| 4:54 | Research | Loom |
| 6:03 | Research | Feudal Age |
| 6:25 | Build | Mining Camp |
| 6:59 | Queue | Villager (Male) |
| 7:07 | Build | House |
| 7:40 | Queue | Villager (Male) |
| 8:26 | Age | Feudal Age |
| 8:29 | Build | Watch Tower |
| 8:34 | Build | Blacksmith |
| 9:07 | Queue | Villager (Male) |
| 9:18 | Build | Watch Tower |
| 9:21 | Research | Double-Bit Axe |
| 9:21 | Queue | Villager (Male) |
| 9:45 | Queue | Villager (Male) |
| 9:58 | Queue | Villager (Male) |
| 10:22 | Build | Lumber Camp |
| 10:31 | Queue | Villager (Male) |
| 10:58 | Queue | Villager (Male) |
| 11:43 | Research | Town Watch |
| 11:44 | Queue | Villager (Male) |
| 12:01 | Build | Watch Tower |
| 12:03 | Queue | Villager (Male) |
| 12:14 | Build | Watch Tower |
| 12:19 | Queue | Villager (Male) |
| 12:22 | Build | Farm |
| 12:22 | Build | Farm |
| 12:23 | Build | Farm |
| 12:23 | Build | Farm |
| 12:23 | Build | Farm |
| 12:34 | Build | Farm |
| 12:46 | Queue | Villager (Male) |
| 13:04 | Queue | Villager (Male) |
| 13:10 | Build | Watch Tower |
| 13:23 | Research | Horse Collar |
| 13:25 | Build | House |
| 13:28 | Build | House |
| 13:29 | Build | House |
| 13:33 | Queue | Villager (Male) |
| 14:18 | Queue | Villager (Male) |
| 14:19 | Queue | Villager (Male) |
| 14:53 | Queue | Villager (Male) |
| 14:59 | Queue | Villager (Male) |
| 15:03 | Build | Market |
| 15:09 | Build | Mining Camp |
| 15:19 | Build | House |
| 15:24 | Build | House |
| 15:28 | Build | House |
| 15:33 | Build | Palisade Wall |
| 15:34 | Queue | Villager (Male) |
| 15:34 | Queue | Villager (Male) |
| 16:20 | Research | Wheelbarrow |
| 16:27 | Build | House |
| 16:33 | Build | Palisade Wall |
| 16:39 | Queue | Villager (Male) |
| 17:01 | Build | Watch Tower |
| 17:19 | Build | Palisade Wall |
| 17:24 | Build | Palisade Wall |
| 17:26 | Build | Palisade Wall |
| 17:26 | Build | Palisade Wall |
| 17:32 | Queue | Villager (Male) |
| 18:20 | Research | Castle Age |
| 18:30 | Build | Palisade Wall |
| 18:32 | Build | Palisade Wall |
| 18:39 | Build | Palisade Wall |
| 18:43 | Build | Palisade Wall |
| 18:44 | Build | Palisade Wall |
| 18:45 | Build | Palisade Wall |
| 19:01 | Build | Farm |
| 19:02 | Build | Farm |
| 19:02 | Build | Farm |
| 19:38 | Build | Watch Tower |
| 19:58 | Queue | Villager (Male) |
| 20:32 | Research | Fletching |
| 20:33 | Research | Fletching |
| 21:05 | Build | Lumber Camp |
| 21:09 | Age | Castle Age |
| 21:12 | Build | Town Center |
| 21:15 | Queue | Villager (Male) |
| 21:20 | Build | Siege Workshop |
| 21:25 | Research | Bow Saw |
| 21:26 | Queue | Villager (Male) |
| 21:47 | Build | Barracks |
| 21:50 | Queue | Villager (Male) |
| 22:04 | Build | Watch Tower |
| 22:07 | Research | Bodkin Arrow |
| 22:08 | Queue | Villager (Male) |
| 22:11 | Queue | Battering Ram |
| 22:29 | Queue | Villager (Male) |
| 22:57 | Queue | Villager (Male) |
| 23:12 | Queue | Villager (Male) |
| 23:14 | Build | Watch Tower |
| 23:36 | Queue | Villager (Male) |
| 23:41 | Build | Farm |
| 23:49 | Queue | Villager (Male) |
| 23:52 | Build | Farm |
| 23:52 | Build | Farm |
| 23:52 | Build | Farm |
| 23:53 | Build | Farm |
| 24:10 | Queue | Villager (Male) |
| 24:21 | Queue | Villager (Male) |
| 24:21 | Queue | Villager (Male) |
| 24:27 | Queue | Villager (Male) |
| 24:28 | Queue | Villager (Male) |
| 24:29 | Build | Farm |
| 24:35 | Build | Farm |
| 24:36 | Queue | Villager (Male) |
| 24:46 | Queue | Villager (Male) |
| 24:48 | Queue | Villager (Male) |
| 25:02 | Queue | Villager (Male) |
| 25:16 | Build | Siege Workshop |
| 25:28 | Queue | Villager (Male) |
| 25:31 | Queue | Villager (Male) |
| 25:38 | Research | Stone Mining |
| 25:39 | Queue | Villager (Male) |
| 25:40 | Queue | Villager (Male) |
| 25:44 | Build | Farm |
| 25:51 | Build | House |
| 25:53 | Build | House |
| 25:54 | Build | House |
| 25:57 | Queue | Villager (Male) |
| 26:11 | Queue | Villager (Male) |
| 26:16 | Build | Farm |
| 26:18 | Build | Farm |
| 26:23 | Queue | Villager (Male) |
| 26:38 | Queue | Villager (Male) |
| 26:42 | Queue | Villager (Male) |
| 26:44 | Queue | Battering Ram |
| 27:01 | Build | Castle |
| 27:06 | Queue | Villager (Male) |
| 27:11 | Queue | Villager (Male) |
Match timeline
| 8:26 | AOKI_Gryphon · age_up feudal |
| 8:58 | scoop · wall_segment Palisade Wall x6 |
| 9:03 | scoop · wall_segment Palisade Wall x7 |
| 9:40 | scoop · wall_segment Palisade Wall x1 |
| 11:46 | scoop · age_up feudal |
| 12:23 | scoop · wall_segment Stone Wall x6 |
| 12:57 | scoop · wall_segment Stone Wall x5 |
| 14:24 | scoop · wall_segment Stone Wall x1 |
| 15:33 | AOKI_Gryphon · wall_segment Palisade Wall x1 |
| 16:33 | AOKI_Gryphon · wall_segment Palisade Wall x1 |
| 17:13 | scoop · wall_segment Stone Wall x1 |
| 17:19 | AOKI_Gryphon · wall_segment Palisade Wall x1 |
| 17:24 | AOKI_Gryphon · wall_segment Palisade Wall x1 |
| 17:26 | AOKI_Gryphon · wall_segment Palisade Wall x1 |
| 17:26 | AOKI_Gryphon · wall_segment Palisade Wall x1 |
| 17:43 | scoop · first_market_buy 100 food |
| 18:03 | scoop · first_market_sell 100 wood |
| 18:08 | AOKI_Gryphon · first_market_sell 500 wood |
| 18:09 | AOKI_Gryphon · first_market_buy 100 food |
| 18:30 | AOKI_Gryphon · wall_segment Palisade Wall x1 |
| 18:32 | AOKI_Gryphon · wall_segment Palisade Wall x1 |
| 18:39 | AOKI_Gryphon · wall_segment Palisade Wall x1 |
| 18:43 | AOKI_Gryphon · wall_segment Palisade Wall x1 |
| 18:44 | AOKI_Gryphon · wall_segment Palisade Wall x1 |
| 18:45 | AOKI_Gryphon · wall_segment Palisade Wall x1 |
| 18:53 | scoop · wall_segment Palisade Wall x1 |
| 19:06 | scoop · wall_segment Palisade Wall x1 |
| 20:45 | scoop · age_up castle |
| 20:58 | scoop · first_building Siege Workshop |
| 21:09 | AOKI_Gryphon · age_up castle |
| 21:20 | AOKI_Gryphon · first_building Siege Workshop |
| 21:37 | scoop · first_building Castle |
| 21:47 | AOKI_Gryphon · first_building Barracks |
| 27:01 | AOKI_Gryphon · first_building Castle |
| 28:19 | scoop · first_building Monastery |
| 28:28 | scoop · age_up imperial |
| 29:01 | scoop · wall_segment Stone Wall x1 |
| 29:02 | scoop · wall_segment Stone Wall x1 |
| 29:56 | scoop · first_building Barracks |
| 30:22 | scoop · wall_segment Stone Wall x1 |
| 32:38 | scoop · first_building Archery Range |
| 35:05 | AOKI_Gryphon · first_building Monastery |
| 37:38 | AOKI_Gryphon · first_building Archery Range |
| 40:29 | AOKI_Gryphon · first_building Stable |
| 40:47 | AOKI_Gryphon · age_up imperial |
| 40:53 | scoop · resign |
[ AI ANALYSIS · 1 CREDIT ]
What really happened in this match?
Wolo.gg analyzes every decision: build order, eco, micro, common mistakes by bracket. Personalized analysis on WhatsApp or Discord in 30 seconds.
Civ guide
Turks
Perfil
Jugador #4365996